 Dungeon Crawl Stone Soup version 0.16.1-30-g34a7ffa (webtiles) character file.

110 Noboking the Magician (level 4, 0/24 HPs)
             Began as a Deep Elf Ice Elementalist on June 28, 2015.
             Slain by an orc wizard
             ... wielding a +0 dagger
              (2 damage)
             ... on level 4 of the Dungeon.
             The game lasted 00:10:32 (2648 turns).

Noboking the Magician (Deep Elf Ice Elementalist)   Turns: 2648, Time: 00:10:32

Health: 0/24       AC:  2    Str:  5    XL:     4   Next: 61%
Magic:  0/15       EV: 13    Int: 21    God:
Gold:   67         SH:  0    Dex: 15    Spells: 4 memorised, 3 levels left

rFire  + . .     SeeInvis .     e - +0 war axe
rCold  + . .     Clarity  .     a - +0 robe
rNeg   . . .     SustAb   .     (no shield)
rPois  +         Gourm    .     (no helmet)
rElec  +         Spirit   +     (no cloak)
rCorr  +         Warding  .     (no gloves)
rMut   .         Stasis   .     (no boots)
MR     .....                    d - amulet of guardian spirit
Stlth  ++........               (no ring)
                                (no ring)

@: resistant, not resistant to hostile enchantments, unstealthy
A: no striking features
a: no special abilities


You were on level 4 of the Dungeon.
You were full.

You visited 1 branch of the dungeon, and saw 4 of its levels.

You collected 67 gold pieces.

Inventory:

Hand weapons
 e - a +0 war axe (weapon)
 h - a +0 dagger
 k - a +0 spear
 p - a +0 hunting sling
Missiles
 f - 8 javelins (quivered)
 i - 8 tomahawks
 l - a sling bullet of flame
 q - 53 stones
Armour
 a - a +0 robe (worn)
 u - a +0 ring mail
Jewellery
 d - an amulet of guardian spirit (around neck)
 B - the amulet of Doubts {+Rage rN+ Str-2 Int+3, unknown}
   (You found it on level 4 of the Dungeon)

   [amulet of rage]

   It affects your strength (-2).
   It affects your intelligence (+3).
   It protects you from negative energy.
   It lets you go berserk.
Scrolls
 j - 2 scrolls of identify {unknown}
 m - 2 scrolls of teleportation {unknown}
 t - 2 scrolls of recharging {unknown}
 x - a scroll of magic mapping {unknown}
 y - 2 scrolls of remove curse {unknown}
 C - a scroll of enchant weapon {unknown}
 D - a scroll of enchant armour {unknown}
Potions
 g - a potion of heal wounds {unknown}
 n - a potion of might {unknown}
 o - a potion of magic {unknown}
 v - a potion of poison {unknown}
 w - 3 potions of mutation {unknown}
 z - 2 potions of haste {unknown}
 A - a potion of restore abilities {unknown}
 F - 2 potions of curing
Books
 b - a book of Frost

   Spells                             Type                      Level
   a - Freeze                         Ice                          1
   b - Throw Frost                    Conjuration/Ice              2
   c - Ozocubu's Armour               Charms/Ice                   3
   d - Throw Icicle                   Conjuration/Ice              4
   e - Summon Ice Beast               Ice/Summoning                4
   f - Condensation Shield            Ice                          4
 E - a book of Cantrips

   Spells                             Type                      Level
   a - Corona                         Hexes                        1
   b - Animate Skeleton               Necromancy                   1
   c - Summon Small Mammal            Summoning                    1
   d - Apportation                    Translocation                1
Comestibles
 c - 3 bread rations
 s - 4 meat rations
 G - 3 chunks of flesh


   Skills:
 + Level 0.2 Fighting
 + Level 0.5 Slings
 + Level 3.1 Dodging
 * Level 3.2 Stealth
 + Level 4.2 Spellcasting
 + Level 1.3 Conjurations
 + Level 4.2 Ice Magic


You had 3 spell levels left.
You knew the following spells:

 Your Spells              Type           Power        Failure   Level  Hunger
a - Freeze                Ice            ###.         1%          1    None
b - Throw Frost           Conj/Ice       ###...       8%          2    #......
c - Corona                Hex            #......      12%         1    None
d - Throw Icicle          Conj/Ice       ###.....     41%         4    ####...


Dungeon Overview and Level Annotations

Branches:
Dungeon (4/15)
 Temple: D:4-7

Altars:


Message History

Aim: an orc wizard, wielding a dagger and wearing a robe (fast)
You freeze the orc wizard.
The orc wizard is moderately wounded.
The orc wizard hits you but does no damage.
The phantom blinks!
Casting: Freeze
Confirm with . or Enter, or press ? or * to list all spells.
Aiming: Freeze
Press: ? - help, Shift-Dir - straight line, f/p - orc wizard
Aim: an orc wizard, wielding a dagger and wearing a robe (moderately wounded, fast)
You freeze the orc wizard.
The orc wizard is severely wounded.
The orc wizard barely misses you. The orc hits you.
* * * LOW HITPOINT WARNING * * *
The orc wizard hits you with a dagger.
* * * LOW HITPOINT WARNING * * *
It was a potion of resistance.
You feel protected. The orc wizard hits you with a dagger.
You die...

............#.#.
#.............
####............
........!........ #
........(.# #..## ..#
(...#(....####..##..#####
..$........)ยง............
..........###oo.##..##...
............@#.........
########...............
####............ #........##.
########......#.##
#................#
#.....###........##.#####
#####....#####..###..........
#...#...............##.#.####


You could see an orc wizard and an orc.

Vanquished Creatures
  2 hound skeletons
  2 adders
  A giant mite (D:2)
  2 giant geckos
  11 orcs
  2 giant cockroaches (D:1)
  4 hobgoblins
  3 bats
  2 giant newts
  9 goblins
  3 jackals (D:2)
  2 kobolds
  5 rats
48 creatures vanquished.

Vanquished Creatures (others)
  4 toadstools (D:1)
4 creatures vanquished.

Grand Total: 52 creatures vanquished

Notes
Turn   | Place    | Note
--------------------------------------------------------------
     0 | D:1      | Noboking, the Deep Elf Ice Elementalist, began the quest for the Orb.
     0 | D:1      | Reached XP level 1. HP: 10/10 MP: 5/5
   763 | D:1      | Reached XP level 2. HP: 9/15 MP: 3/8
   865 | D:1      | Learned a level 2 spell: Throw Frost
  1513 | D:2      | Reached XP level 3. HP: 10/19 MP: 4/11
  1593 | D:2      | Reached skill level 4 in Ice Magic
  2027 | D:3      | Reached XP level 4. HP: 16/24 MP: 6/15
  2484 | D:4      | Got a steaming platinum amulet
  2534 | D:4      | Learned a level 1 spell: Corona
  2539 | D:4      | Learned a level 4 spell: Throw Icicle
  2623 | D:4      | Noticed a phantom
  2647 | D:4      | HP: 1/24 [orc wizard/dagger (3)]
  2648 | D:4      | Slain by an orc wizard

Action                   |  1- 3 |  4- 6 || total
-------------------------+-------+-------++-------
Melee: Dagger            |    13 |     9 ||    22
       Unarmed           |     4 |       ||     4
       Spear             |     2 |       ||     2
       War axe           |       |     1 ||     1
 Fire: Hunting sling     |    17 |    19 ||    36
Throw: Stone             |     5 |     1 ||     6
 Cast: Freeze            |    28 |    12 ||    40
       Throw Frost       |    11 |       ||    11
       Throw Icicle      |       |     2 ||     2
  Use: Potion            |     2 |     1 ||     3
       Scroll            |       |     1 ||     1
  Eat: Chunk             |     3 |     1 ||     4
       Bread ration      |       |     1 ||     1
       Pizza             |       |     1 ||     1
